 Dungeon Crawl Stone Soup version 0.28-a0-224-g76b539d98b (webtiles) character file.

Game seed: 18177176300414377683

597 timneilson the Shield-Bearer (level 7, 0/44 HPs)
             Began as a Gargoyle Fighter on Aug 21, 2021.
             Slain by an ogre (9 damage)
             ... on level 4 of the Dungeon.
             The game lasted 00:06:57 (4535 turns).

timneilson the Shield-Bearer (Gargoyle Fighter)     Turns: 4535, Time: 00:06:58

Health: 0/44       AC: 16    Str: 21    XL:     7   Next: 40%
Magic:  7/7        EV:  6    Int:  9    God:
Gold:   129        SH:  9    Dex:  9    Spells: 6/6 levels left

rFire   . . .      SeeInvis .   a - +0 long sword (freeze)
rCold   . . .      Faith    .   c - +1 kite shield
rNeg    + . .      Spirit   .   e - +0 chain mail
rPois   ∞          Reflect  .   (no helmet)
rElec   +          Harm     .   h - +0 cloak
rCorr   .          Rampage  .   (no gloves)
Will    .....                   (no boots)
Stlth   ..........              (no amulet)
HPRegen 0.14/turn               (no ring)
MPRegen 0.10/turn               (no ring)

@: no status effects
A: sickness immunity, AC +4, negative energy resistance 1, electricity
resistance, torment resistance 1, petrification resistance
a: no special abilities


You were on level 4 of the Dungeon.
You visited 1 branch of the dungeon, and saw 4 of its levels.
You also visited: Sewer.

You collected 129 gold pieces.

Inventory:

Hand Weapons
 a - a +0 long sword of freezing (weapon)
Armour
 c - a +1 kite shield (worn)
 e - a +0 chain mail (worn)
 h - a +0 cloak (worn)
 n - a +0 plate armour
Jewellery
 l - a ring of flight
Wands
 d - a wand of flame (17)
Scrolls
 b - 3 scrolls of fog
 f - a scroll of enchant armour
 g - a scroll of fear
 m - a scroll of acquirement {unknown}
Potions
 i - a potion of haste {unknown}
 j - 2 potions of curing
 k - 3 potions of resistance {unknown}


   Skills:
 + Level 4.6 Fighting
 * Level 4.1 Long Blades
 * Level 5.5 Armour
 * Level 5.5 Shields
 + Level 0.1 Evocations


You had 6 spell levels left.
You didn't know any spells.
Your spell library contained the following spells:

 Spells                   Type           Power      Damage    Failure   Level
 Sandblast                Erth           0%         2d4       100%        1
 Passwall                 Tmut/Erth      0%         N/A       100%        2
 Lee's Rapid Deconstruct  Erth           0%         3d5*      100%        5


Dungeon Overview and Level Annotations

Branches:
Dungeon (4/15)              Sewer (visited)
 Temple: D:4-7

Altars:
Kikubaaqudgha
Trog

Shops:
D:3 (


Innate Abilities, Weirdness & Mutations

You are immune to sickness and miasma.
Your stone body is resilient. (AC +4)
You are immune to poison.
You resist negative energy. (rN+)
You are resistant to electric shocks. (rElec)
You are resistant to unholy torment.
You are immune to petrification.


Message History

The ogre shouts!
You hear a bark!
You slash the ball python! You freeze the ball python.
You kill the ball python!
Found a hunting sling.
A hound comes into view.
You see here a ball python corpse.
You barely miss the ogre. The ogre barely misses you.
You barely miss the ogre.
The ogre hits you with a +0 giant spiked club.
You closely miss the ogre.
The ogre hits you with a +0 giant spiked club.
You block the hound's attack.
You closely miss the hound. You block the hound's attack.
The ogre hits you with a +0 giant spiked club!
The hound bites you but does no damage.
You are too injured to fight recklessly!
You are too injured to fight recklessly!
You are too injured to fight recklessly!
You are too injured to fight recklessly!
You are too injured to fight recklessly!
You are too injured to fight recklessly!
You are too injured to fight recklessly!
You are too injured to fight recklessly!
You are too injured to fight recklessly!
You are too injured to fight recklessly!
You are too injured to fight recklessly!
You are too injured to fight recklessly!
You are too injured to fight recklessly!
Unknown command.
The hound bites you but does no damage.
You slash the ogre! You freeze the ogre.
The ogre is heavily wounded.
You block the ogre's attack.
You slash the ogre! You freeze the ogre.
The ogre is almost dead.
The hound pauses to sniff the ground.
The ogre hits you with a +0 giant spiked club!
* * * LOW HITPOINT WARNING * * *
The ogre hits you with a +0 giant spiked club!
You die...

... ... #. ... ##. #.##
... ... #.. #.#####.#
#####.## #######........
.......# ##....@Oh.#
.......####..######......#
............## ..#####
.......###### ..#
.......### ... ...#.#...#
.### ##.#.###.#### .#
#.).###....# .. )#
##...##....###.#


You could see an ogre and a hound.

Vanquished Creatures
  Sigmund (D:3)
  Blork the orc (D:4)
  2 hounds (D:4)
  An orc priest (D:4)
  2 jellies (D:4)
  A gnoll (D:1)
  7 adders
  An adder skeleton (D:4)
  4 worms
  2 dart slugs
  9 orcs
  7 endoplasms
  5 giant cockroaches
  5 goblins
  10 hobgoblins
  11 jackals (Sewer)
  11 kobolds
  7 quokkas
  10 ball pythons
  A bat (D:2)
  11 frilled lizards
  9 rats
118 creatures vanquished.

Vanquished Creatures (others)
  11 plants (Sewer)
11 creatures vanquished.

Grand Total: 129 creatures vanquished

Notes
Turn   | Place    | Note
-------+----------+-------------------------------------------
     0 | D:1      | timneilson the Gargoyle Fighter began the quest for the
                  | Orb.
     0 | D:1      | Reached XP level 1. HP: 14/14 MP: 1/1
   141 | D:1      | Reached XP level 2. HP: 10/19 MP: 2/2
   623 | D:1      | Found a faded altar of an unknown god.
   809 | D:1      | Reached XP level 3. HP: 23/23 MP: 3/3
  1789 | D:2      | Reached XP level 4. HP: 20/28 MP: 4/4
  2456 | D:3      | Noticed Sigmund
  2479 | D:3      | Killed Sigmund
  2480 | D:3      | Reached XP level 5. HP: 32/33 MP: 5/5
  2480 | D:3      | Reached XP level 6. HP: 37/38 MP: 6/6
  2599 | D:3      | Found Peimaics's Weapon Shoppe.
  2859 | D:3      | Found an ancient bone altar of Kikubaaqudgha.
  3193 | D:4      | Reached skill level 5 in Shields
  3210 | D:4      | Found a bloodstained altar of Trog.
  3279 | D:4      | Reached skill level 5 in Armour
  3325 | D:4      | Found a glowing drain.
  3342 | Sewer    | Entered a sewer
  4244 | D:4      | Noticed Blork the orc
  4259 | D:4      | Killed Blork the orc
  4260 | D:4      | Reached XP level 7. HP: 20/44 MP: 7/7
  4535 | D:4      | Slain by an ogre

Illustrated notes

Levels and vault maps discovered:
D:1:      dpeg_arrival_renting, layout_basic,
          shapermc_ecumenical_altar_totnotflames, dk_noncrumbling_2,
          minmay_small_reverse_x
D:2:      layout_loops_ring
D:3:      layout_rooms, mainiacjoe_overflow_alcove_1, serial_shops,
          nicolae_shop_trees, uniq_sigmund
D:4:      layout_rooms, lemuel_round_altar, nicolae_overflow_hidden_temple,
          gup_sewer_entry_bubbles, serial_shops, shop, uniq_blork_the_orc

Skill      XL: |  1  2  3  4  5  6  7 |
---------------+----------------------+-----
Long Blades    | 2 3 4 |  4.1
Shields        | 4 5 |  5.5
Armour         | 4 5 |  5.5
Fighting       | 4 |  4.6
Evocations     | |  0.1

Action                   |  1- 3 |  4- 6 |  7- 9 || total
-------------------------+-------+-------+-------++-------
Melee: Long sword        |   116 |   282 |    20 ||   418
  Use: Scroll            |     5 |     7 |       ||    12
       Potion            |       |     3 |       ||     3
Armor: Scale mail        |    57 |    27 |       ||    84
       Chain mail        |       |   119 |    10 ||   129
Dodge: Dodged            |    41 |    58 |     5 ||   104
Block: Kite shield       |    56 |   139 |     7 ||   202
       Rpst.: Long sword |    10 |    12 |     1 ||    23

Table legend: (Time is in decaauts)
 A = Elapsed time spent in this place.
 B = Non-inter-level travel time spent in this place.
 C = Inter-level travel time spent in this place.
 D = Time resting spent in this place.
 E = Time spent auto-exploring this place.
 F = Levels seen in this place.
 G = Mean time per level.
                   A        B        C        D        E       F      G
               +--------+--------+--------+--------+--------+-----+--------+
         Total |   4909 |   4812 |     97 |    139 |   3460 |   5 |  981.8 |
       Dungeon |   3921 |   3824 |     97 |      0 |   2887 |   4 |  980.2 |
         Sewer |    988 |    988 |      0 |    139 |    573 |   1 |  988.0 |
               +--------+--------+--------+--------+--------+-----+--------+

Top non-repeatable levels by time:
     D:1: 1389 daAuts
     D:2: 1141 daAuts
   Sewer: 988 daAuts
     D:3: 756 daAuts
     D:4: 634 daAuts
